 Dungeon Crawl Stone Soup version 0.30-a0-782-ge64f9170bb (webtiles) character file.

Game seed: 8892564174661174536

7702 HoaS the Marksgargoyle (level 11, -6/61 HPs)
             Began as a Gargoyle Hunter on Mar 10, 2023.
             Was a High Priest of Zin.
             Mangled by Fannar
             ... wielding a staff of cold
              (16 damage)
             ... on level 10 of the Dungeon.
             The game lasted 00:16:54 (8091 turns).

HoaS the Marksgargoyle (Gargoyle Hunter)            Turns: 8091, Time: 00:16:55

Health: -6/61      AC: 14    Str: 17    XL:     11   Next: 19%
Magic:  14/14      EV: 18    Int: 12    God:    Zin [*****.]
Gold:   1160       SH:  0    Dex: 19    Spells: 10/10 levels left

rFire   + . .      SeeInvis .    a - +1 shortbow (flame)
rCold   . . .      Faith    .    (shield currently unavailable)
rNeg    + . .      Spirit   .    x - +0 steam dragon scales
rPois   ∞          Reflect  .    (no helmet)
rElec   +          Harm     .    (no cloak)
rCorr   .          Rampage  .    (no gloves)
Will    .....                    y - +0 pair of boots
Stlth   ++                       (no amulet)
HPRegen 0.30/turn                e - ring of protection from fire
MPRegen 0.14/turn                l - +5 ring of evasion

@: vitalised, studying Unarmed Combat
A: sickness immunity, AC +8, negative energy resistance 1, electricity
resistance, torment resistance 1, petrification resistance
a: Renounce Religion, Recite, Vitalisation, Imprison, Sanctuary, Donate Gold


You were on level 10 of the Dungeon.
You worshipped Zin.
Zin was extremely pleased with you.
You visited 2 branches of the dungeon, and saw 11 of its levels.
You also visited: Sewer.

You collected 1362 gold pieces.
You spent 66 gold pieces at shops.
You donated 136 gold pieces to Zin.

Inventory:

Hand Weapons
 a - a +1 shortbow of flaming (weapon)
Armour
 x - +0 steam dragon scales (worn)
 y - a +0 pair of boots (worn)
Jewellery
 e - a ring of protection from fire (left hand)
 l - a +5 ring of evasion (right hand)
 z - a +4 ring of protection
Wands
 q - a wand of paralysis (19)
 w - a wand of flame (30)
 A - a wand of roots (5)
Scrolls
 b - 3 scrolls of immolation
 m - a scroll of blinking
 p - a scroll of summoning
 r - a scroll of brand weapon
 s - 3 scrolls of poison
 t - 3 scrolls of teleportation
 u - a scroll of magic mapping
Potions
 c - a potion of lignification {unknown}
 d - 3 potions of might
 g - 5 potions of curing
 h - a potion of berserk rage {unknown}
 i - 3 potions of attraction
 j - a potion of resistance {unknown}
 k - 3 potions of mutation
 n - a potion of invisibility
 o - 2 potions of magic {unknown}
 v - a potion of cancellation {unknown}


   Skills:
 * Level 4.0 Fighting
 - Level 16.0 Ranged Weapons
 * Level 2.9 Dodging
 - Level 1.1 Stealth
 + Level 4.6 Invocations


You had 10 spell levels left.
You didn't know any spells.
Your spell library contained the following spells:

 Spells                   Type           Power      Damage    Failure   Level
 Wereblood                Tmut           0%         N/A       45%         2
 Inner Flame              Hex/Fire       0%         N/A       69%         3
 Flame Wave               Conj/Fire      0%         2d4       97%         4
 Sticky Flame             Conj/Fire      0%         2d3       97%         4
 Summon Forest            Summ/Tloc      0%         N/A       100%        5
 Summon Mana Viper        Hex/Summ       0%         N/A       100%        5
 Summon Cactus Giant      Summ           0%         N/A       100%        6
 Summon Hydra             Summ           0%         N/A       100%        7
 Sublimation of Blood     Necr           Unusable   N/A       N/A         2

Dungeon Overview and Level Annotations

Branches:
Dungeon (10/15)            Temple (1/1) D:5             Orc (0/2) D:9
  Sewer (visited)
   Lair: D:8-11

Altars:
Ashenzari
Cheibriados
Dithmenos
Elyvilon
Fedhas
Gozag
Hepliaklqana
Kikubaaqudgha
Makhleb
Nemelex Xobeh
Qazlal
Trog
Uskayaw
Vehumet
Wu Jian
Xom
Yredelemnul
Zin
The Shining One

Shops:
D:9 *

Annotations:
D:7 3 runed translucent doors, Dirian's ghost, novice MiFi
D:9 Erolcha
D:10 Fannar


Innate Abilities, Weirdness & Mutations

You are immune to sickness and miasma.
Your stone body is resilient. (AC +8)
You are immune to poison.
You resist negative energy. (rN+)
You are resistant to electric shocks. (rElec)
You are resistant to unholy torment.
You are immune to petrification.


Message History

The arrow hits Fannar but does no damage.
Fannar is moderately wounded.
Fannar mumbles some strange words.
Fannar drains the heat from the surrounding environment!
* * * LOW HITPOINT WARNING * * *
The ice beast misses you.
You shoot an arrow. The arrow hits Fannar.
The arrow burns Fannar.
Fannar is moderately wounded.
Fannar gestures at you while chanting. The bolt of cold misses you.
You shoot an arrow. The arrow hits Fannar.
The arrow burns Fannar.
Fannar is moderately wounded.
The ice beast misses you.
You shoot an arrow. The arrow closely misses Fannar.
You are ready to recite again.
Fannar misses you. The ice beast completely misses you.
You shoot an arrow. The arrow closely misses Fannar.
Fannar is lost in a daze.
The ice beast hits you but does no damage.
You shoot an arrow. The arrow hits Fannar!
The arrow burns Fannar.
Fannar is heavily wounded.
Fannar hits you with a staff of cold.
* * * LOW HITPOINT WARNING * * *
Fannar freezes you.
* * * LOW HITPOINT WARNING * * *
You shoot an arrow. The arrow closely misses Fannar.
The ice beast completely misses you.
You shoot an arrow. The arrow misses Fannar.
Fannar is lost in a daze.
The ice beast barely misses you.
You shoot an arrow. The arrow barely misses Fannar.
Fannar is lost in a daze.
You shoot an arrow. The arrow hits Fannar!
The arrow burns Fannar.
Fannar is severely wounded.
The ice beast misses you.
You shoot an arrow. The arrow hits Fannar!
The arrow burns Fannar.
Fannar is severely wounded.
Fannar is lost in a daze.
The ice beast misses you.
You shoot an arrow.
The arrow hits Fannar but does no damage.
Fannar is severely wounded.
Fannar hits you but does no damage. Fannar freezes you!
You die...

........#
........#
........p #..[.p#
#.....# ##
#.######. ##.#
#........
##...####........
#.....e@)...#####
#...###Y###### .
##.# ###..###...
##........#
##...#######
##....#
##.....###
##........# #


You could see Fannar (dazed) and an ice beast (summoned).

Vanquished Creatures
  2 two-headed ogres (D:9)
  Pikel (D:7)
  Maggie (D:6)
  A wraith (D:9)
  2 wyverns
  Eustachio (D:6)
  3 yaks (D:10)
  2 humans (D:10)
  3 steam dragons
  Menkaure (D:5)
  A two-headed ogre zombie (D:9)
  2 acid dragons
  2 water moccasins
  2 orc warriors
  2 sky beasts (D:6)
  A black bear (D:5)
  13 ogres
  A centaur (D:4)
  2 phantoms (D:5)
  4 lemures
  2 kobold brigands
  A necrophage (D:5)
  2 scorpions (D:5)
  3 wights
  3 jellies
  5 hounds
  A gnoll bouda (D:9)
  7 orc priests
  4 iguanas
  12 orc wizards
  An ogre zombie (D:9)
  4 gnolls (D:9)
  9 adders
  4 river rats (Sewer)
  A shadow imp (D:7)
  A white imp (D:8)
  An ufetubus (D:7)
  2 worms (D:4)
  2 dart slugs
  28 orcs
  12 ball pythons
  9 endoplasms
  2 giant cockroaches (D:1)
  5 hobgoblins
  3 jackals (D:1)
  26 kobolds
  3 quokkas
  5 bats
  5 frilled lizards
  3 goblins
  26 rats
  A spectral goblin (D:1)
240 creatures vanquished.

Vanquished Creatures (others)
  A human (D:6)
1 creature vanquished.

Grand Total: 241 creatures vanquished

Notes
Turn   | Place    | Note
-------+----------+-------------------------------------------
     0 | D:1      | HoaS the Gargoyle Hunter began the quest for the Orb.
     0 | D:1      | Reached XP level 1. HP: 12/12 MP: 1/1
   121 | D:1      | Reached XP level 2. HP: 17/17 MP: 2/2
   217 | D:1      | Found a faded altar of an unknown god.
   440 | D:1      | Reached XP level 3. HP: 21/21 MP: 3/3
   537 | D:1      | Reached skill level 5 in Ranged Weapons
   791 | D:1      | Found a radiant altar of Vehumet.
   806 | D:2      | Found a white marble altar of Elyvilon.
  1548 | D:3      | Reached XP level 4. HP: 26/26 MP: 4/4
  1677 | D:3      | Found a shimmering altar of Xom.
  1768 | D:3      | Found a stormy altar of Qazlal.
  2077 | D:4      | Found a glowing drain.
  2084 | Sewer    | Entered a sewer
  2290 | Sewer    | Reached skill level 6 in Ranged Weapons
  2369 | Sewer    | Reached XP level 5. HP: 30/30 MP: 5/5
  2849 | D:4      | Reached skill level 7 in Ranged Weapons
  2901 | D:4      | Identified a scroll of acquirement
  2901 | D:4      | Acquired 744 gold pieces
  2947 | D:4      | Noticed a centaur
  2954 | D:4      | Reached XP level 6. HP: 33/35 MP: 6/6
  3133 | D:5      | Entered Level 5 of the Dungeon
  3270 | D:5      | Reached skill level 8 in Ranged Weapons
  3270 | D:5      | Reached XP level 7. HP: 40/40 MP: 7/7
  3275 | D:5      | Found a staircase to the Ecumenical Temple.
  3326 | Temple   | Entered the Ecumenical Temple
  3437 | D:5      | Reached skill level 9 in Ranged Weapons
  3521 | D:5      | Found a basalt altar of Yredelemnul.
  3594 | D:5      | Reached XP level 8. HP: 39/44 MP: 8/8
  3638 | D:5      | Found a white marble altar of Elyvilon.
  3759 | D:5      | Reached skill level 10 in Ranged Weapons
  3854 | D:5      | Noticed Menkaure
  3858 | D:5      | Killed Menkaure
  3891 | D:5      | Found a hazy altar of Hepliaklqana.
  4100 | D:5      | Found a broken altar of Ashenzari.
  4108 | D:5      | Found a glowing silver altar of Zin.
  4115 | D:5      | Became a worshipper of Zin the Law-Giver
  4115 | D:5      | Reached * piety under Zin
  4115 | D:5      | Reached ** piety under Zin
  4187 | D:5      | Found a burning altar of Makhleb.
  4275 | D:6      | Reached *** piety under Zin
  4354 | D:6      | Noticed Eustachio
  4374 | D:6      | Killed Eustachio
  4375 | D:6      | Reached skill level 11 in Ranged Weapons
  4375 | D:6      | Reached skill level 1 in Invocations
  4507 | D:6      | Noticed Maggie
  4539 | D:6      | Killed Maggie
  4540 | D:6      | Reached XP level 9. HP: 47/48 MP: 11/11
  4593 | D:6      | Found an ancient bone altar of Kikubaaqudgha.
  4813 | D:6      | Reached skill level 12 in Ranged Weapons
  5402 | D:7      | Found a runed translucent gate.
  5402 | D:7      | Found a runed translucent gate.
  5402 | D:7      | Found a runed translucent gate.
  5403 | D:7      | Noticed Dirian's ghost (novice MiFi)
  5424 | D:7      | Reached skill level 13 in Ranged Weapons
  5433 | D:7      | Reached **** piety under Zin
  5695 | D:7      | Noticed Pikel
  5727 | D:7      | Killed Pikel
  5728 | D:7      | Reached XP level 10. HP: 53/53 MP: 13/13
  5771 | D:7      | Found a snail-covered altar of Cheibriados.
  5940 | D:8      | Reached skill level 14 in Ranged Weapons
  6032 | D:8      | Found a glowing golden altar of the Shining One.
  6184 | D:8      | Found an ornate altar of the Wu Jian Council.
  6267 | D:8      | Found a hide-covered altar of Uskayaw.
  6589 | D:8      | Identified the +5 ring mail "Sasiotag" {Str+3}
  7077 | D:9      | Reached ***** piety under Zin
  7202 | D:9      | Found Hyicole's Assorted Antiques.
  7288 | D:9      | Bought a scroll of teleportation for 66 gold pieces
  7322 | D:9      | Reached skill level 15 in Ranged Weapons
  7395 | D:9      | Found a staircase to the Orcish Mines.
  7508 | D:9      | Noticed a two-headed ogre
  7508 | D:9      | Noticed a two-headed ogre
  7648 | D:9      | Killed a two-headed ogre
  7658 | D:9      | Killed a two-headed ogre
  7659 | D:9      | Reached skill level 16 in Ranged Weapons
  7659 | D:9      | Reached XP level 11. HP: 33/59 MP: 14/14
  7770 | D:9      | Noticed a two-headed ogre
  7771 | D:9      | Noticed a two-headed ogre
  7771 | D:9      | Noticed a two-headed ogre
  7772 | D:9      | Noticed Erolcha
  7873 | D:10     | Entered Level 10 of the Dungeon
  8053 | D:10     | Noticed Fannar
  8091 | D:10     | Mangled by Fannar

Illustrated notes

Levels and vault maps discovered:
D:1:      dpeg_arrival_water_altar, layout_basic,
          dreamdust_ecumenical_altar_drowned_temple
D:2:      layout_basic, basic_altar
D:3:      layout_rooms, grunt_qazlal_sundering, amcnicky_altar_gilded
D:4:      layout_cave_pools, cheibrodos_sewer_entry_sluice, hex_medium,
          serial_park_tiny_1, chequers_hall_statues_corner_a
D:5:      layout_basic, kennysheep_ying_yang, marbit_many_paths,
          lightli_temple_of_fire, mainiacjoe_overflow_big_doors,
          minmay_temple_entry_sparse_star, kennysheep_nub, uniq_menkaure
D:6:      layout_rooms, tgw_kikubaaqudgha, uniq_eustachio, uniq_maggie
D:7:      layout_gridville, mainiacjoe_overflow_alcove_1,
          gammafunk_ghost_necromancy, kennysheep_pointless_box,
          minmay_manual_mess, uniq_pikel
D:8:      layout_cave_pods, tso_oasis_becter,
          mainiacjoe_overflow_concentric_impassable,
          mainiacjoe_overflow_six_doors_small
D:9:      lemuel_ogre_cave, layout_long_grid, overflow_temple_1_default,
          david_orc_3, nicolae_stop_n_shop_2,
          nicolae_concentric_dashed_squares_wild, kennysheep_small_spiral
D:10:     layout_rooms, okawaru_humans, tgw_sif, dpeg_lair_monsters,
          nicolae_trove_entry_crystal, nrook_mini_backslash, uniq_maurice,
          uniq_fannar, uniq_amaemon
Temple:   nicolae_temple_ecumenical_triangle

Skill      XL: |  1  2  3  4  5  6  7  8  9 10 11 |
---------------+----------------------------------+-----
Ranged Weapons | 5 6 7 8 9 11 13 16 | 16.0
Invocations    | 3 4 |  4.6
Dodging        | 2 |  2.9
Fighting       | 4 |  4.0
Stealth        | |  1.1

Action                     |  1- 3 |  4- 6 |  7- 9 | 10-12 || total
---------------------------+-------+-------+-------+-------++-------
  Melee: Shortbow          |       |       |     3 |       ||     3
   Fire: Shortbow          |    89 |   241 |   387 |   339 ||  1056
 Invoke: Recite            |       |       |       |     1 ||     1
         Vitalisation      |       |       |       |     1 ||     1
  Evoke: Wand              |       |       |     2 |       ||     2
    Use: Scroll            |     3 |     6 |     7 |     2 ||    18
         Potion            |       |       |     2 |     4 ||     6
 Armour: Leather armour    |    11 |    55 |    31 |       ||    97
         Steam dragon scal |       |       |    47 |    36 ||    83
  Dodge: Dodged            |    19 |    94 |   186 |   116 ||   415

Table legend: (Time is in decaauts)
 A = Elapsed time spent in this place.
 B = Non-inter-level travel time spent in this place.
 C = Inter-level travel time spent in this place.
 D = Time resting spent in this place.
 E = Time spent auto-exploring this place.
 F = Levels seen in this place.
 G = Mean time per level.
                   A        B        C        D        E       F      G
               +--------+--------+--------+--------+--------+-----+--------+
         Total |   8091 |   7850 |    241 |    921 |   5058 |  12 |  674.2 |
       Dungeon |   7302 |   7061 |    241 |    727 |   4716 |  10 |  730.2 |
        Temple |     44 |     44 |      0 |      0 |     29 |   1 |   44.0 |
         Sewer |    744 |    744 |      0 |    194 |    312 |   1 |  744.0 |
               +--------+--------+--------+--------+--------+-----+--------+

Top non-repeatable levels by time:
     D:5: 1071 daAuts
     D:7: 996 daAuts
     D:8: 946 daAuts
     D:9: 942 daAuts
     D:1: 832 daAuts
   Sewer: 744 daAuts
     D:2: 732 daAuts
     D:6: 671 daAuts
     D:3: 515 daAuts
     D:4: 401 daAuts
    D:10: 192 daAuts
  Temple: 44 daAuts
